[ AOE2 MATCH · #508139853 ]
UnrankedMaya vs Huns
Player's team · LOSS
Rival team · WIN
[ REPLAY ANALYSIS · EXTRACTED FROM THE RECORDED GAME ]
Feudal
12:19
Castle
27:32
Imperial
45:28
| APM avg | 45.9 |
| APM peak | 88 |
| eAPM avg | 23.5 |
| Villagers / military | 111 / 124 |
Focus
⚔️ 33.3% · 🌾 66.7%
Eagle Scout ×59 · Unknown (2626) ×25 · Fishing Ship ×24 · Archer ×21 · Galley ×13 · Spearman ×13
Feudal
11:03
Castle
25:54
Imperial
47:31
| APM avg | 42.8 |
| APM peak | 97 |
| eAPM avg | 23.9 |
| Villagers / military | 133 / 76 |
Focus
⚔️ 40.6% · 🌾 59.4%
Cavalry Archer ×28 · Unknown (2626) ×27 · Fishing Ship ×24 · Knight ×20 · Skirmisher ×10 · Galley ×8
Match map
Initial resources + every placement click. Lines = walls · curves = elevation contours. ◆ gold · ⬟ stone · ● berries · ✦ relic · ◌ wall gap
Your base· Open — unwalled flank
Tinnicus's base· Open — 4t gap
Smoothed initial terrain · ◌ = detected wall gap · hover for details
Inputs per minute
— Walmart - - Tinnicus
Build order — Walmart
First 150 of 461 actions detected
| 0:01 | Research | Loom |
| 0:03 | Build | House |
| 0:04 | Build | House |
| 0:10 | Queue | Villager (Male) |
| 0:10 | Queue | Villager (Male) |
| 0:11 | Queue | Villager (Male) |
| 0:11 | Queue | Villager (Male) |
| 1:31 | Queue | Villager (Male) |
| 2:08 | Queue | Villager (Male) |
| 2:08 | Queue | Villager (Male) |
| 2:34 | Queue | Villager (Male) |
| 2:34 | Queue | Villager (Male) |
| 2:59 | Queue | Villager (Male) |
| 3:04 | Build | Lumber Camp |
| 3:20 | Queue | Villager (Male) |
| 3:21 | Queue | Villager (Male) |
| 3:32 | Queue | Villager (Male) |
| 3:32 | Queue | Villager (Male) |
| 4:02 | Queue | Villager (Male) |
| 4:02 | Queue | Villager (Male) |
| 4:25 | Build | House |
| 4:39 | Build | Palisade Wall |
| 4:48 | Build | Palisade Wall |
| 4:49 | Build | Palisade Wall |
| 4:55 | Build | Palisade Wall |
| 5:03 | Queue | Villager (Male) |
| 5:03 | Queue | Villager (Male) |
| 5:04 | Queue | Villager (Male) |
| 5:38 | Queue | Villager (Male) |
| 5:38 | Queue | Villager (Male) |
| 5:52 | Queue | Villager (Male) |
| 5:52 | Queue | Villager (Male) |
| 6:18 | Build | House |
| 6:43 | Queue | Villager (Male) |
| 6:44 | Queue | Villager (Male) |
| 7:01 | Queue | Villager (Male) |
| 7:20 | Build | Barracks |
| 7:42 | Build | Dock |
| 7:51 | Queue | Villager (Male) |
| 8:07 | Build | House |
| 8:11 | Queue | Villager (Male) |
| 8:35 | Queue | Villager (Male) |
| 8:39 | Build | House |
| 9:06 | Queue | Villager (Male) |
| 9:36 | Queue | Villager (Male) |
| 9:44 | Build | House |
| 10:09 | Research | Feudal Age |
| 10:09 | Research | Feudal Age |
| 10:32 | Build | Mining Camp |
| 10:37 | Queue | Militia |
| 10:37 | Queue | Militia |
| 10:41 | Queue | Fishing Ship |
| 11:27 | Queue | Militia |
| 11:27 | Queue | Militia |
| 11:47 | Queue | Militia |
| 12:19 | Age | Feudal Age |
| 12:21 | Build | Archery Range |
| 12:25 | Research | Man-at-Arms (upgrade) |
| 12:25 | Research | Man-at-Arms (upgrade) |
| 12:28 | Queue | Villager (Male) |
| 13:03 | Queue | Villager (Male) |
| 13:07 | Build | Mill |
| 13:22 | Queue | Archer |
| 13:23 | Queue | Archer |
| 13:39 | Queue | Villager (Male) |
| 13:46 | Queue | Fishing Ship |
| 13:47 | Queue | Fishing Ship |
| 13:51 | Build | House |
| 14:05 | Queue | Archer |
| 14:05 | Queue | Archer |
| 14:09 | Queue | Villager (Male) |
| 14:13 | Research | Double-Bit Axe |
| 14:13 | Research | Double-Bit Axe |
| 14:17 | Queue | Archer |
| 14:25 | Build | Dock |
| 14:31 | Queue | Villager (Male) |
| 14:58 | Queue | Villager (Male) |
| 15:07 | Queue | Unit 2626 |
| 15:08 | Queue | Unit 2626 |
| 15:10 | Build | House |
| 15:19 | Queue | Archer |
| 15:21 | Queue | Villager (Male) |
| 15:22 | Build | Blacksmith |
| 15:31 | Queue | Villager (Male) |
| 15:33 | Queue | Fishing Ship |
| 16:08 | Queue | Archer |
| 16:11 | Build | Archery Range |
| 16:22 | Queue | Skirmisher |
| 16:23 | Research | Fletching |
| 16:23 | Research | Fletching |
| 16:24 | Queue | Villager (Male) |
| 16:25 | Build | Farm |
| 16:27 | Build | Farm |
| 16:28 | Build | Farm |
| 16:43 | Queue | Fishing Ship |
| 16:43 | Queue | Fishing Ship |
| 16:46 | Queue | Villager (Male) |
| 16:48 | Build | House |
| 17:11 | Build | House |
| 17:38 | Queue | Villager (Male) |
| 17:41 | Research | Padded Archer Armor |
| 17:41 | Queue | Archer |
| 17:42 | Queue | Archer |
| 17:45 | Build | House |
| 17:53 | Queue | Unit 2626 |
| 17:53 | Queue | Unit 2626 |
| 17:57 | Build | Dock |
| 18:18 | Queue | Villager (Male) |
| 18:20 | Build | Farm |
| 18:23 | Build | Farm |
| 18:41 | Queue | Archer |
| 18:41 | Queue | Archer |
| 18:44 | Queue | Villager (Male) |
| 18:44 | Queue | Villager (Male) |
| 18:46 | Build | Watch Tower |
| 18:55 | Queue | Villager (Male) |
| 19:07 | Build | House |
| 19:28 | Queue | Skirmisher |
| 19:38 | Queue | Unit 2626 |
| 19:45 | Queue | Archer |
| 19:46 | Queue | Archer |
| 19:47 | Queue | Villager (Male) |
| 19:48 | Queue | Villager (Male) |
| 20:02 | Build | House |
| 20:22 | Queue | Unit 2626 |
| 20:22 | Queue | Unit 2626 |
| 20:23 | Queue | Unit 2626 |
| 20:49 | Queue | Unit 2626 |
| 20:51 | Queue | Unit 2626 |
| 20:55 | Queue | Archer |
| 20:58 | Queue | Villager (Male) |
| 21:05 | Build | House |
| 21:32 | Queue | Unit 2626 |
| 21:33 | Queue | Unit 2626 |
| 22:07 | Queue | Unit 2626 |
| 22:09 | Queue | Unit 2626 |
| 22:12 | Queue | Villager (Male) |
| 22:12 | Queue | Villager (Male) |
| 22:20 | Queue | Demolition Raft |
| 22:28 | Queue | Unit 2626 |
| 22:33 | Build | Farm |
| 22:33 | Build | Farm |
| 22:33 | Build | Farm |
| 23:24 | Queue | Unit 2626 |
| 23:25 | Queue | Unit 2626 |
| 23:28 | Queue | Villager (Male) |
| 23:40 | Queue | Galley |
| 23:40 | Queue | Galley |
| 23:43 | Queue | Villager (Male) |
| 23:55 | Queue | Unit 2626 |
Build order — Tinnicus
First 150 of 385 actions detected
| 0:01 | Queue | Villager (Male) |
| 0:01 | Queue | Villager (Male) |
| 0:01 | Queue | Villager (Male) |
| 0:01 | Queue | Villager (Male) |
| 0:02 | Queue | Villager (Male) |
| 1:14 | Queue | Villager (Male) |
| 1:14 | Queue | Villager (Male) |
| 1:49 | Build | Lumber Camp |
| 1:51 | Queue | Villager (Male) |
| 1:51 | Queue | Villager (Male) |
| 2:03 | Queue | Villager (Male) |
| 2:03 | Queue | Villager (Male) |
| 2:43 | Queue | Villager (Male) |
| 2:43 | Queue | Villager (Male) |
| 2:44 | Queue | Villager (Male) |
| 3:09 | Queue | Villager (Male) |
| 3:09 | Queue | Villager (Male) |
| 3:48 | Queue | Villager (Male) |
| 3:48 | Queue | Villager (Male) |
| 3:48 | Queue | Villager (Male) |
| 4:31 | Build | Dock |
| 4:37 | Queue | Villager (Male) |
| 4:37 | Queue | Villager (Male) |
| 4:57 | Queue | Villager (Male) |
| 4:58 | Research | Loom |
| 5:32 | Queue | Villager (Male) |
| 5:33 | Queue | Villager (Male) |
| 5:33 | Queue | Villager (Male) |
| 6:03 | Queue | Villager (Male) |
| 6:27 | Queue | Villager (Male) |
| 6:33 | Build | Palisade Wall |
| 6:33 | Build | Palisade Wall |
| 6:52 | Queue | Villager (Male) |
| 6:55 | Queue | Fishing Ship |
| 6:55 | Queue | Fishing Ship |
| 7:21 | Queue | Villager (Male) |
| 7:58 | Queue | Fishing Ship |
| 8:04 | Queue | Villager (Male) |
| 8:53 | Research | Feudal Age |
| 8:53 | Research | Feudal Age |
| 9:08 | Build | Mining Camp |
| 9:09 | Queue | Fishing Ship |
| 9:29 | Queue | Fishing Ship |
| 9:45 | Build | Barracks |
| 10:13 | Build | Palisade Wall |
| 10:17 | Build | Palisade Wall |
| 10:30 | Queue | Villager (Male) |
| 10:36 | Queue | Fishing Ship |
| 10:37 | Queue | Fishing Ship |
| 11:03 | Age | Feudal Age |
| 11:07 | Research | Double-Bit Axe |
| 11:13 | Queue | Villager (Male) |
| 11:16 | Build | Dock |
| 11:29 | Queue | Villager (Male) |
| 11:37 | Build | Blacksmith |
| 11:44 | Queue | Villager (Male) |
| 11:51 | Build | Palisade Wall |
| 11:55 | Build | Palisade Wall |
| 11:58 | Build | Palisade Wall |
| 12:01 | Build | Palisade Wall |
| 12:14 | Build | Archery Range |
| 12:16 | Queue | Unit 2626 |
| 12:16 | Queue | Unit 2626 |
| 12:23 | Queue | Villager (Male) |
| 12:38 | Build | Palisade Wall |
| 12:47 | Build | Palisade Wall |
| 12:48 | Build | Palisade Wall |
| 12:50 | Build | Palisade Wall |
| 13:07 | Build | Palisade Wall |
| 13:10 | Build | Palisade Wall |
| 13:12 | Build | Palisade Wall |
| 13:20 | Queue | Archer |
| 13:20 | Queue | Archer |
| 13:20 | Queue | Archer |
| 13:22 | Build | Palisade Gate |
| 13:50 | Build | Lumber Camp |
| 13:53 | Queue | Archer |
| 13:54 | Queue | Archer |
| 14:00 | Build | Palisade Wall |
| 14:02 | Queue | Villager (Male) |
| 14:10 | Build | Palisade Wall |
| 14:26 | Build | Palisade Wall |
| 14:28 | Build | Palisade Wall |
| 14:32 | Build | Palisade Wall |
| 14:33 | Queue | Villager (Male) |
| 14:33 | Queue | Villager (Male) |
| 14:44 | Research | Fletching |
| 14:45 | Queue | Villager (Male) |
| 15:06 | Queue | Villager (Male) |
| 15:11 | Queue | Skirmisher |
| 15:12 | Queue | Skirmisher |
| 15:22 | Queue | Unit 2626 |
| 15:23 | Queue | Villager (Male) |
| 15:36 | Queue | Skirmisher |
| 15:54 | Queue | Skirmisher |
| 16:05 | Queue | Villager (Male) |
| 16:05 | Queue | Skirmisher |
| 16:19 | Research | Padded Archer Armor |
| 16:20 | Queue | Villager (Male) |
| 16:45 | Queue | Villager (Male) |
| 16:53 | Queue | Unit 2626 |
| 17:07 | Queue | Villager (Male) |
| 17:39 | Queue | Skirmisher |
| 17:39 | Queue | Skirmisher |
| 18:01 | Queue | Villager (Male) |
| 18:01 | Queue | Villager (Male) |
| 18:06 | Queue | Unit 2626 |
| 18:14 | Queue | Unit 2626 |
| 18:41 | Queue | Galley |
| 18:42 | Queue | Galley |
| 18:43 | Queue | Villager (Male) |
| 18:52 | Queue | Fishing Ship |
| 18:54 | Queue | Unit 2626 |
| 18:55 | Queue | Fishing Ship |
| 19:19 | Queue | Skirmisher |
| 19:22 | Queue | Unit 2626 |
| 19:23 | Queue | Fishing Ship |
| 19:37 | Queue | Fishing Ship |
| 20:00 | Queue | Villager (Male) |
| 20:03 | Build | Dock |
| 20:12 | Queue | Fishing Ship |
| 20:13 | Queue | Fishing Ship |
| 20:17 | Queue | Villager (Male) |
| 20:58 | Queue | Villager (Male) |
| 21:00 | Queue | Unit 2626 |
| 21:29 | Queue | Villager (Male) |
| 21:30 | Queue | Villager (Male) |
| 21:50 | Queue | Villager (Male) |
| 21:53 | Build | Mill |
| 22:01 | Queue | Unit 2626 |
| 22:02 | Queue | Unit 2626 |
| 22:25 | Build | Market |
| 22:26 | Queue | Villager (Male) |
| 22:37 | Queue | Galley |
| 22:48 | Queue | Unit 2626 |
| 23:14 | Research | Castle Age |
| 23:14 | Research | Castle Age |
| 23:19 | Queue | Galley |
| 23:25 | Queue | Unit 2626 |
| 23:26 | Queue | Unit 2626 |
| 23:43 | Build | Archery Range |
| 23:47 | Build | Archery Range |
| 24:01 | Queue | Unit 2626 |
| 24:06 | Queue | Villager (Male) |
| 24:12 | Queue | Skirmisher |
| 24:12 | Queue | Skirmisher |
| 24:17 | Build | Stable |
| 24:28 | Build | Dock |
| 24:51 | Queue | Archer |
| 25:01 | Research | Forging |
Match timeline
| 4:31 | Tinnicus · first_building Dock |
| 4:39 | Walmart · wall_segment Palisade Wall x1 |
| 4:48 | Walmart · wall_segment Palisade Wall x1 |
| 4:49 | Walmart · wall_segment Palisade Wall x1 |
| 4:55 | Walmart · wall_segment Palisade Wall x1 |
| 6:33 | Tinnicus · wall_segment Palisade Wall x1 |
| 6:33 | Tinnicus · wall_segment Palisade Wall x1 |
| 7:20 | Walmart · first_building Barracks |
| 7:42 | Walmart · first_building Dock |
| 9:45 | Tinnicus · first_building Barracks |
| 10:13 | Tinnicus · wall_segment Palisade Wall x3 |
| 10:17 | Tinnicus · wall_segment Palisade Wall x5 |
| 11:03 | Tinnicus · age_up feudal |
| 11:51 | Tinnicus · wall_segment Palisade Wall x1 |
| 11:55 | Tinnicus · wall_segment Palisade Wall x2 |
| 11:58 | Tinnicus · wall_segment Palisade Wall x1 |
| 12:01 | Tinnicus · wall_segment Palisade Wall x1 |
| 12:14 | Tinnicus · first_building Archery Range |
| 12:19 | Walmart · age_up feudal |
| 12:21 | Walmart · first_building Archery Range |
| 12:38 | Tinnicus · wall_segment Palisade Wall x3 |
| 12:47 | Tinnicus · wall_segment Palisade Wall x1 |
| 12:48 | Tinnicus · wall_segment Palisade Wall x1 |
| 12:50 | Tinnicus · wall_segment Palisade Wall x1 |
| 13:07 | Tinnicus · wall_segment Palisade Wall x1 |
| 13:10 | Tinnicus · wall_segment Palisade Wall x1 |
| 13:12 | Tinnicus · wall_segment Palisade Wall x1 |
| 14:00 | Tinnicus · wall_segment Palisade Wall x11 |
| 14:10 | Tinnicus · wall_segment Palisade Wall x4 |
| 14:26 | Tinnicus · wall_segment Palisade Wall x1 |
| 14:28 | Tinnicus · wall_segment Palisade Wall x1 |
| 14:32 | Tinnicus · wall_segment Palisade Wall x3 |
| 23:07 | Tinnicus · first_market_buy 100 food |
| 23:08 | Tinnicus · first_market_sell 100 wood |
| 24:17 | Tinnicus · first_building Stable |
| 25:54 | Tinnicus · age_up castle |
| 26:08 | Tinnicus · first_building Siege Workshop |
| 27:32 | Walmart · age_up castle |
| 29:39 | Walmart · first_building Monastery |
| 29:53 | Walmart · first_market_buy 100 wood |
| 34:22 | Tinnicus · wall_segment Palisade Wall x1 |
| 36:27 | Walmart · first_building Castle |
| 40:43 | Tinnicus · first_building Castle |
| 44:48 | Tinnicus · first_building Monastery |
| 45:28 | Walmart · age_up imperial |
| 46:22 | Walmart · first_building Siege Workshop |
| 47:31 | Tinnicus · age_up imperial |
| 47:55 | Walmart · resign |
[ AI ANALYSIS · 1 CREDIT ]
What really happened in this match?
Wolo.gg analyzes every decision: build order, eco, micro, common mistakes by bracket. Personalized analysis on WhatsApp or Discord in 30 seconds.
Civ guide
Maya
Perfil
Jugador #10014470